AoeStats
← tostostos

Arena

509174858Analyzed
3v3 RM · 6d ago on Sep 25, 2026· 61m 37s· 6 players
Game mode
Random Map
Map size
Normal (6 player)
Population
200
Speed
Normal
Resources
Standard
Victory
Conquest
Starting age
Dark Age
Ending age
Imperial Age
RankedLock teamsTeams togetherTeam positionsShared explorationLock speedFull tech treeHidden civsTurbo modeCheats
Victory
Defeat
🇩🇪 Celts · Germany
1039
+18
🇩🇪 Danes · Germany
1035
+18
🇩🇪 Franks · Germany
1016
+19
🇹🇷 Hindustanis · Türkiye
1172
-22
🇹🇷 Goths · Türkiye
1092
-19
🇹🇷 Cumans · Türkiye
980
-14
D.M.G.
12:12 Feudal Age
16:14 Castle Age
13:57 Horse Collar
14:04 Double-Bit Axe
30:51 Imperial Age
29:29 Fletching
29:39 Padded Archer Armor
30:46 Wheelbarrow
30:12 Bodkin Arrow
31:21 Forging
31:16 Scale Barding Armor
31:37 Husbandry
31:59 Conscription
32:36 Bloodlines
32:57 Gold Mining
34:15 Iron Casting
34:29 Chain Barding Armor
33:53 Heavy Camel Rider
36:24 Imperial Camel Rider
39:26 Blast Furnace
39:16 Gold Shaft Mining
39:35 Plate Barding Armor
41:43 Bracer
44:05 Grand Trunk Road
59:56 Bow Saw
59:09 Onager
Sarkum
4:04 Loom
11:27 Feudal Age
12:37 Double-Bit Axe
13:42 Horse Collar
19:47 Castle Age
18:33 Bloodlines
17:47 Man-at-Arms
19:44 Scale Mail Armor
20:53 Bow Saw
21:56 Heavy Plow
24:18 Pikeman
27:32 Squires
30:59 Forging
30:39 Fletching
30:49 Padded Archer Armor
30:54 Scale Barding Armor
39:51 Imperial Age
39:16 Chain Mail Armor
39:36 Iron Casting
39:18 Bodkin Arrow
42:20 Elite Kipchak
43:09 Elite Kipchak
45:08 Blast Furnace
44:38 Plate Mail Armor
44:40 Crop Rotation
45:13 Two-Man Saw
47:20 Elite Kipchak
48:52 Elite Kipchak
48:59 Long Swordsman
50:14 Elite Kipchak
51:26 Elite Kipchak
53:01 Conscription
59:29 Chemistry
tostostos
7:27 Loom
12:06 Feudal Age
13:11 Double-Bit Axe
17:23 Castle Age
15:24 Horse Collar
15:47 Scale Mail Armor
17:44 Wheelbarrow
18:40 Squires
23:08 Bow Saw
24:13 Fletching
35:36 Hand Cart
52:45 Gold Mining
52:49 Stone Mining
58:04 Imperial Age
56:24 Forging
56:19 Scale Barding Armor
56:36 Padded Archer Armor
56:59 Husbandry
57:41 Iron Casting
57:46 Stone Shaft Mining
56:41 Light Cavalry
57:55 Bloodlines
61:16 Imperial Age
59:13 Chain Barding Armor
60:51 Chain Mail Armor
61:01 Bodkin Arrow
61:22 Leather Archer Armor
schmitz89
12:18 Feudal Age
16:30 Castle Age
14:29 Double-Bit Axe
14:27 Horse Collar
18:28 Bow Saw
18:19 Heavy Plow
23:46 Scale Mail Armor
25:07 Wheelbarrow
26:25 Forging
27:44 Chain Mail Armor
32:45 Imperial Age
32:53 Hand Cart
33:09 Heavy Scorpion
34:03 Furor Celtica
35:03 Elite Woad Raider
36:59 Siege Engineers
37:06 Capped Ram
40:42 Ballistics
39:52 Siege Ram
42:44 Plate Mail Armor
42:49 Iron Casting
41:38 Pikeman
43:15 Halberdier
45:49 Blast Furnace
52:25 Masonry
52:28 Fortified Wall
53:19 Chemistry
52:48 Gold Mining
52:50 Stone Mining
59:56 Loom
Dirty Dan
11:06 Feudal Age
15:57 Castle Age
16:34 Double-Bit Axe
17:50 Bow Saw
18:17 Loom
24:41 Scale Barding Armor
29:16 Chain Barding Armor
33:31 Gold Mining
33:31 Stone Mining
33:58 Forging
34:04 Husbandry
41:03 Imperial Age
39:14 Wheelbarrow
38:25 Town Watch
41:14 Cavalier
43:38 Plate Barding Armor
43:40 Iron Casting
43:18 Paladin
45:44 Conscription
45:26 Chivalry
45:40 Pikeman
47:23 Blast Furnace
46:24 Scale Mail Armor
46:22 Halberdier
49:16 Chain Mail Armor
53:14 Masonry
54:05 Chemistry
53:10 Squires
56:51 Fortified Wall
62:33 Plate Mail Armor
61:54 Fletching
62:05 Padded Archer Armor
61:32 Ordonnance Companies
Dagobert
7:44 Loom
9:47 Feudal Age
11:44 Double-Bit Axe
14:32 Castle Age
21:57 Gold Mining
25:50 Horse Collar
29:40 Squires
34:09 Imperial Age
32:20 Scale Mail Armor
32:30 Forging
32:58 Arson
34:01 Wheelbarrow
34:33 Town Watch
35:56 Iron Casting
36:15 Conscription
35:52 Fletching
37:31 Stone Mining
40:21 Blast Furnace
39:37 Chain Mail Armor
41:10 Bodkin Arrow
42:16 Hand Cart
41:50 Gambesons
41:35 Pikeman
43:02 Plate Mail Armor
42:31 Halberdier
51:33 Elite Jomsviking
Connection lost

Rejoining the realm…

Still unreachable

The connection could not be restored.

Session expired

The server has moved on; the page needs a fresh start.